 Dungeon Crawl Stone Soup version 0.31-a0-875-g02e7d12df6 (console) character file.

Game seed: 15445223134266561697

207 petzl the Sneak (level 6, -1/47 HPs)
             Began as a Formicid Delver on Oct 12, 2023.
             Slain by Crazy Yiuf
             ... wielding a +4 quarterstaff of chaos
              (14 damage)
             ... on level 2 of the Dungeon.
             The game lasted 00:15:47 (3716 turns).

petzl the Sneak (Formicid Delver)                   Turns: 3716, Time: 00:15:48

Health: -1/47      AC:  4    Str: 16    XL:     6   Next: 10%
Magic:  13/13      EV: 12    Int: 12    God:
Gold:   44         SH:  0    Dex: 15    Spells: 12/15 levels left

rFire   . . .        a - +0 dagger (venom) {!f =f}
rCold   . . .        (no shield)
rNeg    . . .        c - +0 leather armour
rPois   .            (helmet unavailable)
rElec   .            (no cloak)
rCorr   .            (no gloves)
SInv    +            j - +0 pair of boots
Will    .....        (no amulet)
Stlth   +++          n - ring of flight
HPRegen 0.27/turn    (no ring)
MPRegen 0.13/turn

%: no passive effects
@: flying
A: permanent stasis, dig shafts and tunnels, antennae 3, four strong arms
a: Dig, Shaft Self


You were on level 2 of the Dungeon.
You visited 1 branch of the dungeon, and saw 9 of its levels.

You collected 174 gold pieces.
You spent 130 gold pieces at shops.

Inventory:

Hand Weapons
 a - a +0 dagger of venom (weapon) {!f =f}
 b - a +0 sling
 r - a +1 whip of electrocution
Armour
 c - a +0 leather armour (worn)
 j - a +0 pair of boots (worn)
Jewellery
 n - a ring of flight (left hand)
Wands
 f - a wand of digging (3)
Scrolls
 h - 3 scrolls of identify
 i - a scroll of enchant weapon
 k - a scroll of fog
 l - a scroll of vulnerability
 o - a scroll of fear
 p - a scroll of immolation
Potions
 d - a potion of curing {unknown}
 e - 3 potions of heal wounds
 m - 2 potions of resistance {unknown}
 q - a potion of invisibility {unknown}


   Skills:
 + Level 3.3 Fighting
 - Level 2.0 Maces & Flails
 + Level 0.2 Ranged Weapons
 + Level 0.0 Armour
 + Level 1.9 Dodging
 - Level 6.0 Stealth
 + Level 5.1 Spellcasting
 + Level 0.4 Conjurations
 + Level 0.3 Ice Magic
 + Level 0.3 Evocations


You had 12 spell levels left.
You knew the following spells:

 Your Spells              Type           Power      Damage    Failure   Level
a - Hailstorm             Conj/Ice       3%         3d3       54%         3

Your spell library contained the following spells:

 Spells                   Type           Power      Damage    Failure   Level
 Momentum Strike          Conj/Tloc      6%         3d8       34%         2
 Lesser Beckoning         Tloc           6%         N/A       36%         2
 Summon Ice Beast         Ice/Summ       3%         N/A       92%         4
 Animate Dead             Necr           3%         N/A       94%         4
 Borgnjor's Vile Clutch   Necr/Erth      1%         N/A       100%        5
 Death Channel            Necr           1%         N/A       100%        6
 Simulacrum               Ice/Necr       1%         N/A       100%        6
 Blink                    Tloc           Unusable   N/A       N/A         2

Dungeon Overview and Level Annotations

Branches:
Dungeon (9/15)
 Temple: D:4-7         Lair: D:8-11         Orc: D:9-12

Altars:
Dithmenos

Shops:
D:2 [[?!

Annotations:
D:2 Crazy Yiuf
D:5 exclusions: downstairs, phantom and water moccasin
D:7 exclusions: bullfrog, sensed monster (detected) and wight
D:8 exclusion: sensed monster (detected)


Innate Abilities, Weirdness & Mutations

You cannot be hasted, slowed, berserked, paralysed or teleported.
You can dig through walls and to a lower floor.
You have a pair of large antennae on your head. (SInv)
Your four strong arms can wield two-handed weapons with a shield.


Message History

Level annotation: 1 runed translucent door, Crazy Yiuf
There is a stone staircase leading up here.
Crazy Yiuf shouts!
Could not explore, unopened runed door.
Could not explore, unopened runed door.
Could not explore, unopened runed door.
Could not explore, unopened runed door.
Could not explore, unopened runed door.
You reach down and open the door.
Crazy Yiuf laughs, "Whippet verde sow!"
Your +0 dagger of venom {!f =f} begins to drip with poison!
a - a +0 dagger of venom (weapon)
{!f =f} You hit Crazy Yiuf but do no damage.
Crazy Yiuf is poisoned.
Crazy Yiuf closely misses you.
You hit Crazy Yiuf.
Crazy Yiuf is lightly wounded.
Crazy Yiuf barely misses you.
You hit Crazy Yiuf but do no damage.
Crazy Yiuf looks as sick as possible!
Crazy Yiuf is lightly wounded.
Crazy Yiuf closely misses you.
You hit Crazy Yiuf but do no damage.
Crazy Yiuf looks as sick as possible!
Crazy Yiuf is lightly wounded.
Crazy Yiuf hits you with a +4 quarterstaff of chaos.
You are poisoned.
You feel sick. Crazy Yiuf attacks as he pursues you!
Crazy Yiuf barely misses you.
You feel sick. Crazy Yiuf attacks as he pursues you!
Crazy Yiuf barely misses you.
You feel sick. Crazy Yiuf attacks as he pursues you!
Crazy Yiuf closely misses you.
You feel sick.
You feel sick.
You feel sick.
You feel sick.
You are no longer poisoned.
Crazy Yiuf attacks as he pursues you!
Crazy Yiuf hits you with a +4 quarterstaff of chaos!
You are electrocuted!
* * * LOW HITPOINT WARNING * * *
Crazy Yiuf says, "I'm not crazy!"
Crazy Yiuf attacks as he pursues you!
Crazy Yiuf hits you with a +4 quarterstaff of chaos!
You die...

##### #####
#######...########...####
########.......#................
#........#####...########...####
##.######.# ##.## ##### #
##...#####.## ##.## #### ####
#...........# ##...## #... ...###
#....#####.####.....## #.## .....#
#....## #.###.......# ##.##
.#.#.###.....# #.#.........# #...#
.#...........# #....######## #....
.###.###.....# #..#.# #...# .#
#.##.....## ##...####### ##.## .#
#.##.##.########.#....#.### ### #.#
.###.##.##........<....P..#..##...#
#.#
†....##.##....<.....@g...####.'...#
#.# ......#...........##....##
###..)# #.#
..###.####.######.####### ### #.#
..# #.# #.# #.# #.# ..###.# #.# #.#
##.# ......# #.#
#.###################..## ..###.#
#.# #........................
#####.# ##.#
################.########
####..###..# #.........
......##.#.###### #########.
#.##....###.....# #. ####.#.##
##.##.# #. #.##.###.###.# #.
#.###)#.## #.# #. #.# ##..# #.#
########. #.# #..## #.# #....^...
####.# #...# #.# #.####### .....#
#[#.# #.# #.# ####.####.#.###.##
#.#######


You could see Crazy Yiuf (very poisoned).

Vanquished Creatures
  2 hounds
  An orc wizard (D:5)
  Robin (D:2)
  4 adders
  2 dart slugs (D:1)
  4 orcs
  3 ball pythons
  6 bats
  3 endoplasms
  A giant cockroach (D:1)
  15 goblins
  7 hobgoblins
  5 quokkas
  A frilled lizard (D:1)
  4 kobolds
  5 rats
64 creatures vanquished.

Notes
Turn   | Place    | Note
-------+----------+-------------------------------------------
     0 | D:5      | petzl the Formicid Delver began the quest for the Orb.
     0 | D:5      | Reached XP level 1. HP: 18/18 MP: 1/1
     8 | D:6      | Noticed a hound
    21 | D:5      | Noticed a black bear
    75 | D:5      | Noticed an ice beast
    96 | D:5      | Noticed a phantom
   155 | D:6      | Noticed a hound
   161 | D:5      | You fall into a shaft and drop 3 floors!
   260 | D:9      | Noticed an orc warrior
   423 | D:7      | Noticed a hound
   436 | D:7      | Killed a hound
   437 | D:7      | Reached XP level 2. HP: 10/24 MP: 1/5
   437 | D:7      | Reached XP level 3. HP: 12/29 MP: 1/7
   541 | D:7      | Noticed a bullfrog
   564 | D:7      | Noticed a wight
   762 | D:5      | Noticed a water moccasin
   857 | D:5      | Reached XP level 4. HP: 31/35 MP: 7/9
   954 | D:5      | Noticed a scorpion
   973 | D:4      | You fall into a shaft and drop 1 floor!
  1194 | D:5      | Reached XP level 5. HP: 5/41 MP: 9/11
  1513 | D:2      | Noticed Robin
  1518 | D:2      | Found Lujonots's Antique Armour Emporium.
  1544 | D:2      | Found Overoweobb's Antique Armour Boutique.
  1783 | D:2      | Found a shadowy altar of Dithmenos.
  1853 | D:2      | Killed Robin
  1921 | D:2      | Found Hockit's Magic Scroll Shop.
  1945 | D:2      | Bought 3 scrolls of identify for 60 gold pieces
  1954 | D:2      | Bought a scroll of identify for 20 gold pieces
  1990 | D:2      | Reached skill level 5 in Spellcasting
  2001 | D:2      | Learned a level 3 spell: Hailstorm
  2118 | D:2      | Found Keuzeq's Distillery.
  2137 | D:2      | Bought a potion of heal wounds for 50 gold pieces
  2156 | D:2      | Identified the +0 helmet of Lifelessness {Slay+5}
  2387 | D:2      | Found a runed translucent door.
  2388 | D:2      | Noticed Crazy Yiuf
  2639 | D:1      | Reached XP level 6. HP: 47/47 MP: 13/13
  3716 | D:2      | Slain by Crazy Yiuf

Illustrated notes

Levels and vault maps discovered:
D:1:      nicolae_arrival_somewhat_less_tricky_arrival, layout_basic,
          minmay_misc_feat_chi
D:2:      layout_loops_ring, basic_altar, serial_shops, nicolae_shop_stone,
          nicolae_shop_hallway_plus, shop, shop, uniq_robin,
          uniq_crazy_yiuf_cottage
D:3:      layout_basic, jmf_multi_god_temple2, ashenzari_conservatory_becter,
          serial_forest, infiniplex_forest_end_3, infiniplex_forest_end_1,
          infiniplex_forest_lined_2, infiniplex_forest_lined_ring,
          infiniplex_forest_3_way, minmay_stone_trees_large,
          hangedman_decor_peaks_small, serial_bayou_pond_d, feat_on_display,
          uniq_grinder
D:4:      layout_basic, nicolae_ru_path_of_blood, xom_teletrap_fun, hex_medium,
          nicolae_goblin_pals
D:5:      layout_basic, mainiacjoe_overflow_alcove_2, minivault_11
D:6:      layout_cave_pods, mainiacjoe_overflow_two_lobes, serial_park,
          serial_park_square2, serial_park_tiny_2, serial_park_avenue1,
          serial_park_gazebo [serial_park_minivault_5x5_4], uniq_menkaure
D:7:      layout_basic, temple_doors_cd
D:8:      layout_basic
D:9:      layout_loops_corners

Skill      XL: |  1  2  3  4  5 |
---------------+----------------+-----
Spellcasting   | 2 3 4 5 |  5.1
Fighting       | |  3.3
Maces & Flails | |  2.0
Ranged Weapons | |  0.2
Dodging        | |  1.9
Stealth        | |  6.0
Conjurations   | |  0.4
Ice Magic      | |  0.3
Evocations     | |  0.3

Action                     |  1- 3 |  4- 6 || total
---------------------------+-------+-------++-------
  Melee: Mace              |    19 |   107 ||   126
         Dagger            |       |     4 ||     4
   Fire: Sling             |       |   140 ||   140
  Throw: Dart              |     3 |     1 ||     4
Ability: Shaft Self        |     1 |     1 ||     2
         Dig               |       |     2 ||     2
  Evoke: Wand              |     2 |     2 ||     4
    Use: Scroll            |     3 |     5 ||     8
 Armour: Leather armour    |    18 |   112 ||   130
  Dodge: Dodged            |    21 |   145 ||   166

Table legend: (Time is in decaauts)
 A = Elapsed time spent in this place.
 B = Non-inter-level travel time spent in this place.
 C = Inter-level travel time spent in this place.
 D = Time resting spent in this place.
 E = Time spent auto-exploring this place.
 F = Levels seen in this place.
 G = Mean time per level.
                   A        B        C        D        E       F      G
               +--------+--------+--------+--------+--------+-----+--------+
         Total |   3801 |   3695 |    106 |    435 |   1662 |   9 |  422.3 |
       Dungeon |   3801 |   3695 |    106 |    435 |   1662 |   9 |  422.3 |
               +--------+--------+--------+--------+--------+-----+--------+

Top non-repeatable levels by time:
     D:1: 1095 daAuts
     D:2: 1068 daAuts
     D:5: 855 daAuts
     D:7: 295 daAuts
     D:3: 163 daAuts
     D:9: 140 daAuts
     D:8: 88 daAuts
     D:4: 84 daAuts
     D:6: 8 daAuts
